Map: 카이로스 정션 - 래더

Players

SpaceMarine

  • Race: Protoss Protoss
  • Spawn Location: 11:00

PartinG - Winner!

  • Race: Protoss Protoss
  • Spawn Location: 5:00

Event: IEM Season 13: Katowice (2019)

VOD

Have the link to the VOD?

Description

Time

  • Played on: Feb. 26, 2019, 6:52 a.m.
  • Length: 8:22

All games in this series

Show
View Real Time Build Order
Export as new Build Order

SpaceMarine Protoss 

Build Orders: Blink Stalkers 

Get SALT Encoding   

  12  0:00  Probe  
  13  0:12  Probe  
  14  0:17  Pylon  
  14  0:23  Probe  
  15  0:31  Probe  
  15  0:38  Gateway  
  15  0:40  Probe  
  16  0:47  Assimilator  
  17  0:50  Probe  
  17  0:55  Assimilator  
  18  0:58  Probe  
  19  1:06  Probe  
  20  1:12  Gateway  
  20  1:17  Probe  
  20  1:20  Pylon  
  21  1:32  Cybernetics Core  
  21  1:36  Probe  
  22  1:48  Probe  
  23  2:13  Twilight Council  
  23  2:14  Warp Gate, Stalker  
  23  2:15  Stalker  
  27  2:32  Blink  
  27  2:36  Pylon  
  26  2:40  Pylon  
  26  2:41  Probe  
  27  2:45  Stalker  
  29  2:59  Stalker  
  31  3:15  Stalker, Shield Battery  
  33  3:23  Probe  
  32  3:29  Stalker  
  34  3:45  Probe  
  32  3:57  Probe  
  33  4:06  Pylon  
  33  4:09  Probe  
  34  4:10  Stalker  
  34  4:16  Stalker  
  37  4:21  Probe  
  36  4:43  Stalker  
  38  4:46  Pylon  
  38  5:03  Probe  
  39  5:10  Robotics Facility  
  39  5:14  Stalker x2  
  39  5:19  Probe  
  37  5:27  Probe  
  39  5:36  Probe  
  40  5:49  Probe  
  41  5:57  Robotics Bay  
  41  6:01  Probe  
  42  6:15  Stalker x2  
  47  6:41  Pylon  
  46  6:47  Gravitic Drive  
  46  6:48  Pylon  
  46  6:58  Disruptor  
  44  7:13  Stalker x2  
  51  7:22  Shield Battery  
  51  7:34  Gateway  
  51  7:44  Zealot x2  
  46  8:10  Zealot x2  
Show
View Real Time Build Order
Export as new Build Order

PartinG Protoss - Winner!

Build Orders: Oracle Opening 

Get SALT Encoding   

  12  0:00  Probe  
  13  0:12  Probe  
  14  0:17  Pylon  
  14  0:24  Probe  
  15  0:32  Probe  
  15  0:36  Gateway  
  15  0:40  Probe  
  16  0:46  Assimilator  
  17  0:50  Probe  
  17  0:54  Assimilator  
  18  0:58  Probe  
  19  1:06  Probe  
  19  1:07  Gateway  
  20  1:17  Probe  
  20  1:24  Cybernetics Core  
  21  1:29  Probe  
  22  1:35  Pylon  
  22  1:41  Probe  
  23  2:00  Stargate  
  23  2:03  Stalker  
  25  2:08  Warp Gate  
  25  2:14  Probe  
  25  2:15  Stalker  
  27  2:23  Pylon  
  27  2:27  Probe  
  28  2:33  Oracle  
  31  3:01  Oracle  
  31  3:04  Nexus  
  34  3:18  Shield Battery  
  34  3:22  Probe  
  36  3:34  Probe, Robotics Facility  
  36  3:54  Probe  
  37  3:56  Stalker  
  37  3:57  Pylon  
  37  4:02  Pylon  
  39  4:18  Immortal, Stalker  
  39  4:20  Stalker  
  47  4:43  Stalker x2  
  47  4:45  Probe  
  52  4:48  Probe  
  52  4:51  Observer  
  53  4:53  Shield Battery  
  53  4:58  Probe  
  55  5:00  Probe  
  56  5:07  Sentry, Zealot  
  56  5:11  Probe  
  56  5:12  Probe  
  62  5:15  Warp Prism  
  61  5:30  Probe  
  61  5:31  Pylon  
  61  5:33  Pylon  
  62  5:42  Immortal, Pylon  
  62  5:49  Probe  
  63  5:54  Probe  
  68  5:57  Stalker x2  
  68  6:02  Probe  
  73  6:06  Probe  
  74  6:13  Assimilator  
  74  6:15  Assimilator  
  74  6:17  Observer  
  74  6:20  Twilight Council  
  74  6:21  Forge  
  74  6:23  Probe x2  
  77  6:32  Pylon  
  77  6:33  Observer  
  77  6:35  Probe x2  
  80  6:40  Zealot x2  
  84  6:48  Probe x2  
  86  7:02  Zealot, Stalker  
  90  7:20  Gateway  
  90  7:22  Gateway  
  90  7:23  Gateway  
  90  7:24  Gateway  
  90  7:28  Stalker x2  
  88  7:53  Stalker x2  
  90  8:17  Stalker x4  

Tags
 
Add a new tag
Caveats
  • Supply blocks, unpowered buildings, or Contaminate may cause inaccurate times.
  • Supply counts are checked every 10 seconds.